[Event "*** Titled Tuesday Blitz"]
[Site "Chess.com"]
[Date "2021.03.16"]
[Round "3"]
[White "Legendinunknown"]
[Black "davigator"]
[Result "1-0"]
[WhiteElo "2613"]
[BlackElo "2401"]
[TimeControl "180+1"]
[EndTime "10:26:30 PDT"]
[Termination "Legendinunknown won by checkmate"]

1. d4 Nf6 2. c4 e6 3. Nc3 Bb4 4. f3 d5 5. cxd5 exd5 6. a3 Bxc3+ 7.
bxc3 c5 8. e3 O-O 9. Bd3 Re8 10.
Ne2 b6 11. O-O Ba6 12. Bxa6 Nxa6 13. Qd3 c4 14. Qc2 b5 15. Ng3 h5 16. Bd2 Nc7 17.
Rae1 Qd6 18. e4 h4 19. Nf5 Qxa3 20. e5 Nh7 21. Nxh4 a5 22. Nf5 Ne6 23. Nd6 Reb8 24. Ra1 Qb3 25. Qf5 Ra7 26. Rfb1 g6 27. Rxb3 gxf5 28. Rxb5 Rxb5 29. Nxb5 Ra6 30. Ra4 f4 31. Kf2 Nhf8 32. g3 fxg3+ 33. hxg3 Nd7 34. f4 Nb6 35. Ra1 f5 36. g4 Ng7 37. Nd6 Ra7 38. gxf5 a4 39.
f6 Ne6 40. f5 Nc7 41. e6 a3 42. Rg1+ Kf8 43. e7# 1-0

[Event "*** Titled Tuesday Blitz"]
[Site "Chess.com"]
[Date "2021.03.16"]
[Round "3"]
[White "Niktlt"]
[Black "ckgchess"]
[Result "0-1"]
[WhiteElo "2482"]
[BlackElo "2764"]
[TimeControl "180+1"]
[EndTime "10:26:32 PDT"]
[Termination "ckgchess won by resignation"]

1. c4 g6 2. Nc3 Bg7 3. g3 c5 4. Bg2 Nc6 5. Nf3 Nf6 6. O-O O-O 7. d4 cxd4 8. Nxd4 d6 9. Nxc6 bxc6 10. Bxc6 Bh3 11.
Bg2 Bxg2 12. Kxg2 Rc8 13. Be3 Rxc4 14. Qd3 Qa8+ 15. f3 Rfc8 16. Bg1 d5 17. Rfd1 e6 18. a3 h5 19. Rac1 h4 20. Bf2 Qb7 21. Qd2 Ne8 22. g4 Nd6 23. h3 Bf6 24. e4 dxe4 25. Qxd6 exf3+ 26. Kh2 Qxb2 27. Ne4 Be5+ 0-1

[Event "*** Titled Tuesday Blitz"]
[Site "Chess.com"]
[Date "2021.03.16"]
[Round "3"]
[White "JimmmyZhang"]
[Black "Tactickl"]
[Result "1-0"]
[WhiteElo "2528"]
[BlackElo "2778"]
[TimeControl "180+1"]
[EndTime "10:26:39 PDT"]
[Termination "JimmmyZhang won by resignation"]

1. e4 e6 2. d4 d5 3. Nc3 Nc6 4.
Nf3 Nf6 5. Bg5 Be7 6. e5 Ne4 7. Bxe7 Qxe7 8. Bd3 Qb4 9. O-O Nxc3 10. bxc3 Qxc3 11.
Rb1 Qa3 12. Rb3 Qe7 13. c4 Nb4 14. cxd5 Nxd5 15. Qc1 b6 16. Qc6+ Qd7 17. Qxa8 O-O 18. Qxa7 Nf4 19. Be4 f5 20. exf6 gxf6 21. Kh1 f5 22. Ne5 Qxd4 23. Rg3+ Kh8 24. Qxc7 Bd7 25. Qxd7 Qxe5 26. Bf3 Ng6 27. Rd1 Qf6 28. Bh5 Ne5 29. Qd4 f4 30. Rb3 Rg8 31. Re1 Rg5 32. Bf3 h5 33.
Rb5 1-0

[Event "*** Titled Tuesday Blitz"]
[Site "Chess.com"]
[Date "2021.03.16"]
[Round "3"]
[White "SHIVACalypso"]
[Black "Bodnar_Mykola"]
[Result "1-0"]
[WhiteElo "2363"]
[BlackElo "2460"]
[TimeControl "180+1"]
[EndTime "10:26:40 PDT"]
[Termination "SHIVACalypso won by resignation"]

1. Nf3 Nf6 2. c4 g6 3. g3 Bg7 4.
Bg2 O-O 5. O-O d6 6. Nc3 Nc6 7. d3 e5 8. Rb1 h6 9. b4 Nh5 10. b5 Ne7 11. a4 f5 12. Bb2 f4 13. Nd5 Nxd5 14. cxd5 g5 15. Qc2 Rf7 16. Nd2 g4 17.
Ne4 Nf6 18. gxf4 Nxe4 19. dxe4 exf4 20. f3 g3 21. hxg3 fxg3 22. e3 Qh4 23. Bh1 g2 24. Bxg2 Bxb2 25. Rxb2 Bh3 26. Rf2 Rg7 27. Qc3 Rf8 28. f4 h5 29. Rf3 Qg4 30. Rxh3 Qxh3 31. Qxg7+ Kxg7 32. Bxh3 1-0

[Event "*** Titled Tuesday Blitz"]
[Site "Chess.com"]
[Date "2021.03.16"]
[Round "3"]
[White "Alexander_Moskalenko"]
[Black "SameerMujumdar"]
[Result "1-0"]
[WhiteElo "2763"]
[BlackElo "2313"]
[TimeControl "180+1"]
[EndTime "10:26:45 PDT"]
[Termination "Alexander_Moskalenko won by resignation"]

1. c4 Nf6 2. Nc3 g6 3. e4 d6 4.
d4 Bg7 5. Nf3 O-O 6. Be2 Na6 7.
Be3 e5 8. d5 Nc5 9. Nd2 a5 10. g4 c6 11. h4 cxd5 12. cxd5 Nfd7 13. h5 f5 14. hxg6 hxg6 15. gxf5 gxf5 16. exf5 Rxf5 17. Bg4 Nf6 18. Bxf5 Bxf5 19. Bxc5 dxc5 20.
Qf3 Bg4 21. Qg2 e4 22. Ndxe4 Nxe4 23. Nxe4 Bf5 24. O-O-O Qb6 25. f3 c4 26. Rhg1 Qh6+ 27. Qg5 1-0

[Event "*** Titled Tuesday Blitz"]
[Site "Chess.com"]
[Date "2021.03.16"]
[Round "3"]
[White "Speed-O-Sonic"]
[Black "CSB7"]
[Result "0-1"]
[WhiteElo "2350"]
[BlackElo "2605"]
[TimeControl "180+1"]
[EndTime "10:26:51 PDT"]
[Termination "CSB7 won by resignation"]

1. d4 Nf6 2. Bg5 Ne4 3. h4 c5 4. d5 Qb6 5. Nd2 Nxg5 6. hxg5 Qxb2 7. g6 fxg6 8. e3 e6 9. Bd3 Qf6 10. Ne4 Qe5 11. Nf3 Qxd5 12. Nc3 Qd6 13. Bxg6+ Kd8 14.
Bd3 c4 15. Ng5 Qb4 16. Qd2 Qe7 17. Bxc4 Qxg5 18. Bxe6 Bb4 19. Bh3 Qe5 0-1

[Event "*** Titled Tuesday Blitz"]
[Site "Chess.com"]
[Date "2021.03.16"]
[Round "3"]
[White "abykhovsky"]
[Black "iturrizaga"]
[Result "0-1"]
[WhiteElo "2652"]
[BlackElo "2849"]
[TimeControl "180+1"]
[EndTime "10:26:53 PDT"]
[Termination "iturrizaga won by resignation"]

1. d4 Nf6 2. Nf3 e6 3. Bg5 Be7 4. e3 O-O 5. c4 b6 6. Nc3 Bb7 7. Be2 c5 8. O-O cxd4 9. Nxd4 a6 10. Bf3 Qc7 11. Rc1 d6 12. b3 Nbd7 13. Bxb7 Qxb7 14.
Qe2 Rac8 15. Rfd1 Rfd8 16. h3 Ne5 17. Bf4 Ng6 18. Bg3 Rc5 19. b4 Rcc8 20. b5 axb5 21.
cxb5 d5 22. Nc6 Re8 23. e4 dxe4 24. Nxe4 Nd5 25. Nc3 Ba3 26. Rc2 Nb4 27. Nxb4 Bxb4 28. Ne4 Rxc2 29. Qxc2 Rc8 30. Qe2 e5 31. Nd6 Bxd6 32.
Rxd6 h6 33. Qe3 Rc5 34. a4 Qc7 35. Rd1 Kh7 36. h4 Rc3 37. Qe4 Rc4 38. Qf5 Kg8 39.
Rd7 Rc1+ 40. Kh2 Qc4 41. Rd8+ Kh7 42. h5 Qf1 43. Bxe5 Qh1+ 44. Kg3 Qh4+ 45. Kf3 Qxd8 46. Qxf7 Nxe5+ 0-1

[Event "*** Titled Tuesday Blitz"]
[Site "Chess.com"]
[Date "2021.03.16"]
[Round "3"]
[White "Triumphmate"]
[Black "chessmadara"]
[Result "1-0"]
[WhiteElo "2381"]
[BlackElo "2158"]
[TimeControl "180+1"]
[EndTime "10:27:00 PDT"]
[Termination "Triumphmate won by checkmate"]

1. e4 c5 2. Nf3 d6 3. d4 cxd4 4. Nxd4 Nf6 5. Nc3 g6 6. f4 Nc6 7. Nf3 Bg7 8. Bd3 O-O 9. O-O e5 10. Kh1 exf4 11. Bxf4 d5 12. e5 Ng4 13. Qe1 Re8 14.
Qg3 Ngxe5 15. Nxe5 Nxe5 16. Rae1 Nxd3 17. Qxd3 Be6 18.
Be5 Qg5 19. Bxg7 Kxg7 20. Qd4+ Kg8 21. h4 Qh5 22. Re5 Qh6 23. Nxd5 Bxd5 24. Rxd5 Rac8 25. c4 Qe3 26. Qxe3 Rxe3 27. Rd7 Rxc4 28. Rfxf7 Rxh4+ 29. Kg1 Re2 30. Rg7+ Kf8 31. Rdf7+ Ke8 32. Rxb7 Kf8 33. Rbf7+ Ke8 34. Rxa7 Kf8 35. Rgf7+ Ke8 36. Rfb7 Rd4 37. Rxh7 Kd8 38. Ra8# 1-0

[Event "*** Titled Tuesday Blitz"]
[Site "Chess.com"]
[Date "2021.03.16"]
[Round "3"]
[White "tylityli"]
[Black "RobertoJBM"]
[Result "0-1"]
[WhiteElo "2290"]
[BlackElo "2761"]
[TimeControl "180+1"]
[EndTime "10:27:01 PDT"]
[Termination "RobertoJBM won by resignation"]

1. d4 d5 2. c4 c6 3. cxd5 cxd5 4.
Bf4 Nc6 5. e3 Qb6 6. Nc3 Qxb2 7.
Nxd5 e5 8. Bxe5 Nxe5 9. Rb1 Qa3 10. dxe5 Qa5+ 11. Qd2 Qxd2+ 12. Kxd2 Bf5 13. Rb4 O-O-O 14.
Rd4 Bc5 15. Bc4 Bxd4 16. exd4 Be6 17. Ne3 Bxc4 18. Kc3 Bxa2 19. Nf3 Ne7 20. Ra1 Nd5+ 21. Nxd5 Bxd5 22. Rxa7 Kb8 23. Ra5 Bxf3 24. gxf3 b6 0-1

[Event "*** Titled Tuesday Blitz"]
[Site "Chess.com"]
[Date "2021.03.16"]
[Round "3"]
[White "Sharpchess22"]
[Black "Konavets"]
[Result "0-1"]
[WhiteElo "2721"]
[BlackElo "2949"]
[TimeControl "180+1"]
[EndTime "10:27:03 PDT"]
[Termination "Konavets won by resignation"]

1. e4 e5 2. Nf3 Nc6 3. Bc4 Nf6 4. d3 Be7 5. O-O O-O 6. Re1 d6 7. c3 Kh8 8. Nbd2 Ng8 9. b4 f5 10. h3 f4 11. b5 Nb8 12. d4 Bf6 13. Ba3 Ne7 14.
Bb3 Nd7 15. Nc4 Ng6 16. Qd3 Qe8 17. Rad1 Nb6 18. dxe5 Nxc4 19. Qxc4 Nxe5 20. Nxe5 Bxe5 21. Qxc7 Bxh3 22. Rxd6 Rc8 23. Re6 Bxe6 24. Qxe5 Bxb3 25. Qxe8 Rfxe8 26. axb3 Rxc3 27. Bd6 Rxb3 28. Ra1 Rxb5 29. Rxa7 g5 30. e5 Kg7 31. Ra1 Kg6 32. Rc1 Rexe5 33. Bxe5 Rxe5 34. Rc7 b5 35. Rb7 h5 36. Kh2 h4 37. f3 Kf5 38. Rb6 Rc5 39. Kh3 Ke5 40. Kg4 Kd4 41. Re6 b4 0-1

[Event "*** Titled Tuesday Blitz"]
[Site "Chess.com"]
[Date "2021.03.16"]
[Round "3"]
[White "hypert"]
[Black "XDPS"]
[Result "0-1"]
[WhiteElo "2572"]
[BlackElo "2805"]
[TimeControl "180+1"]
[EndTime "10:27:03 PDT"]
[Termination "XDPS won by checkmate"]

1. e4 c5 2. Nc3 e6 3. Nf3 a6 4. d4 cxd4 5. Nxd4 Qc7 6. Bd3 b5 7. Qe2 Bb7 8. a3 Nc6 9. Nxc6 Bxc6 10. Bd2 Nf6 11. a4 b4 12. Na2 a5 13. Nc1 Bd6 14.
Nb3 O-O 15. Nd4 Be5 16. Nxc6 dxc6 17. Rb1 Rad8 18. g3 c5 19. O-O c4 20. Bxc4 Rxd2 21. Qxd2 Qxc4 22. Qd3 Rc8 23. Rfd1 h5 24. f4 Qc5+ 25.
Kf1 Ng4 26. Rd2 Bb8 27. Rc1 Ba7 28. Kg2 h4 29. gxh4 Ne3+ 30. Kg3 Qh5 31. Qe2 Qg6+ 32. Kf3 Qg4+ 33. Kf2 Qg2+ 34. Ke1 Qg1+ 35. Qf1 Qxf1# 0-1

[Event "*** Titled Tuesday Blitz"]
[Site "Chess.com"]
[Date "2021.03.16"]
[Round "3"]
[White "Murad_Ibrahimli"]
[Black "SaqoChess_Twitch"]
[Result "1-0"]
[WhiteElo "2772"]
[BlackElo "2503"]
[TimeControl "180+1"]
[EndTime "10:27:03 PDT"]
[Termination "Murad_Ibrahimli won by resignation"]

1. c4 Nf6 2. Nc3 e5 3. e3 Nc6 4. g4 d5 5. g5 Ne4 6. cxd5 Nxc3 7. dxc3 Ne7 8. Bg2 Ng6 9. h4 h6 10. e4 hxg5 11. hxg5 Rxh1 12. Bxh1 Nf4 13. Bxf4 exf4 14. Qh5 g6 15. Qh4 Be7 16. Nf3 Qd6 17. O-O-O Bd7 18. e5 Qa6 19. Qh8+ Bf8 20. e6 fxe6 21. Ne5 Qxa2 22.
Be4 Qa1+ 23. Bb1 Ba4 24. Qf6 Be7 25. Qxg6+ Kd8 26. dxe6+ Bd6 27. Qf6+ Ke8 28. Qf7+ Kd8 29. Rxd6+ cxd6 30. e7+ Kc7 31. e8=Q+ Kb6 32. Qxa8 Bc6 33. Nxc6 1-0

[Event "*** Titled Tuesday Blitz"]
[Site "Chess.com"]
[Date "2021.03.16"]
[Round "3"]
[White "UCantHandleDenker"]
[Black "TheCairnTerrier"]
[Result "1-0"]
[WhiteElo "2507"]
[BlackElo "2155"]
[TimeControl "180+1"]
[EndTime "10:27:04 PDT"]
[Termination "UCantHandleDenker won on time"]

1. Nf3 c5 2. g3 g6 3. Bg2 Bg7 4. O-O Nc6 5. d3 e5 6. Nbd2 Nge7 7. e4 O-O 8. c3 d5 9. a3 h6 10. b4 dxe4 11. dxe4 cxb4 12. axb4 Be6 13. Qe2 Qd7 14.
b5 Nb8 15. Ba3 a6 16. c4 Rc8 17. Rfd1 Qe8 18. Bd6 Nd7 19. Rdc1 axb5 20. Rxa8 Rxa8 21. cxb5 Ra2 22. Qd3 Nc8 23. Bc7 Ncb6 24. Qe3 Na4 25. Bf1 Qa8 26. Nc4 Nb2 27. Ncxe5 Nxe5 28. Bxe5 1-0

[Event "*** Titled Tuesday Blitz"]
[Site "Chess.com"]
[Date "2021.03.16"]
[Round "3"]
[White "Evgeny81"]
[Black "IngOscarArdila"]
[Result "1-0"]
[WhiteElo "2758"]
[BlackElo "2281"]
[TimeControl "180+1"]
[EndTime "10:27:06 PDT"]
[Termination "Evgeny81 won by resignation"]

1. e4 e5 2. Nf3 Nf6 3. Nxe5 d6 4. Nf3 Nxe4 5. Nc3 Nf6 6. d4 Be7 7. Bd3 O-O 8. O-O Nbd7 9. Ne2 Re8 10. Ng3 Nf8 11. Nf5 Ng6 12. Nxe7+ Qxe7 13. Bg5 Bg4 14. h3 Bd7 15. Re1 Qd8 16. Rxe8+ Bxe8 17. Qd2 h6 18. Be3 Bc6 19. Nh2 Nh4 20. f3 Qe7 21.
Bf2 Ng6 22. Re1 Qf8 23. c4 Re8 24. d5 Bd7 25. Bd4 Nh5 26. Ng4 Nhf4 27. Bf1 Rxe1 28. Qxe1 Qe8 29. Qxe8+ Bxe8 30. Bxa7 b6 31. Bb8 h5 32.
Ne3 Ne5 33. Bxc7 Ned3 34. Bxd6 Nxb2 35. Bxf4 Kf8 36. Bd6+ Kg8 37. Ba3 Na4 38. Bb4 f6 39. Kf2 Kf7 40. Bd3 g5 41. Nf5 Bd7 42. Nd6+ Kg7 43. Ke3 g4 44. hxg4 hxg4 45. Bf5 gxf3 46. Bxd7 fxg2 47. Kf2 1-0

[Event "*** Titled Tuesday Blitz"]
[Site "Chess.com"]
[Date "2021.03.16"]
[Round "3"]
[White "renehp"]
[Black "GMRafpig"]
[Result "1-0"]
[WhiteElo "2457"]
[BlackElo "2640"]
[TimeControl "180+1"]
[EndTime "10:27:08 PDT"]
[Termination "renehp won by resignation"]

1. e4 c5 2. Nf3 e6 3. d4 cxd4 4.
Nxd4 Nc6 5. Nc3 Qc7 6. g3 a6 7. Bg2 d6 8. Nb3 Nf6 9. O-O Be7 10. f4 O-O 11. g4 b5 12. g5 Nd7 13. Qh5 Bb7 14. f5 Nce5 15. f6 Bd8 16. fxg7 Kxg7 17.
Qh6+ Kg8 18. Be3 Re8 19. Rf4 Nf8 20. Raf1 Neg6 21. Rf6 b4 22. Ne2 d5 23. Nf4 Nxf4 24.
Bxf4 Qb6+ 25. Kh1 dxe4 26. Be5 1-0

[Event "*** Titled Tuesday Blitz"]
[Site "Chess.com"]
[Date "2021.03.16"]
[Round "3"]
[White "Rodalquilar"]
[Black "ErikRonka"]
[Result "1-0"]
[WhiteElo "2668"]
[BlackElo "2431"]
[TimeControl "180+1"]
[EndTime "10:27:08 PDT"]
[Termination "Rodalquilar won by resignation"]

1. d4 d5 2. Bf4 c5 3. e3 cxd4 4. exd4 Nc6 5. Nf3 Bg4 6. c3 e6 7.
Nbd2 Bd6 8. Bxd6 Qxd6 9. Bd3 Nf6 10. O-O O-O 11. Re1 Rab8 12. a4 Rfc8 13. a5 Ne7 14. a6 b5 15. Qb3 b4 16. c4 dxc4 17. Nxc4 Qd8 18. Nfe5 Qxd4 19. h3 Bh5 20. g4 Bg6 21. Rad1 Qf4 22. Nd6 Rc5 23. Bxg6 hxg6 24. Ndxf7 Ned5 25.
Nxg6 Qc7 26. Ng5 Nf4 27. Nxf4 Qxf4 28. Nxe6 Qc4 29. Nxc5 1-0

[Event "*** Titled Tuesday Blitz"]
[Site "Chess.com"]
[Date "2021.03.16"]
[Round "3"]
[White "NicoChasin"]
[Black "Aleksandar-Topalov"]
[Result "1-0"]
[WhiteElo "2607"]
[BlackElo "2378"]
[TimeControl "180+1"]
[EndTime "10:27:08 PDT"]
[Termination "NicoChasin won on time"]

1. e4 e6 2. d4 d5 3. Nc3 Bb4 4. e5 Qd7 5. Qg4 Bf8 6. Bd3 b6 7. f4 h5 8. Qh3 Ba6 9. g4 Bxd3 10.
cxd3 Nc6 11. Nge2 Nge7 12. a3 Rh6 13. gxh5 Nf5 14. Be3 g6 15. Qf3 Rxh5 16. Ng3 Rh3 17. Qg2 Rxg3 18. hxg3 Nxe3 19. Qf2 Nxd4 20. Rc1 Nec2+ 21.
Rxc2 Nxc2+ 22. Qxc2 Qc6 23. Kd1 O-O-O 24. Rh7 Qc5 25. Ne2 Qe3 26. Rxf7 Bc5 27. b4 Rh8 28. Qd2 Qf2 29. bxc5 Rh1+ 30. Kc2 Qf1 31. Nc3 Qa1 32. Kb3 d4 33. c6 Kd8 34. f5 Rb1+ 35. Nxb1 Qxb1+ 36. Kc4 b5+ 37. Kxd4 1-0

[Event "*** Titled Tuesday Blitz"]
[Site "Chess.com"]
[Date "2021.03.16"]
[Round "3"]
[White "ChrisTool2"]
[Black "nss13"]
[Result "0-1"]
[WhiteElo "2336"]
[BlackElo "2616"]
[TimeControl "180+1"]
[EndTime "10:27:09 PDT"]
[Termination "nss13 won by resignation"]

1. d4 d5 2. c4 c6 3. Nf3 Nf6 4.
Nc3 dxc4 5. a4 Bf5 6. Ne5 Nbd7 7. Nxc4 Nb6 8. Ne5 a5 9. g3 e6 10. Bg2 Bb4 11. O-O O-O 12. Bg5 h6 13. Bxf6 Qxf6 14. e3 Rfd8 15. Qe2 Bh7 16. f4 Qe7 17. Ne4 Bxe4 18.
Bxe4 c5 19. Qb5 Nd5 20. Bxd5 Rxd5 21. Rad1 cxd4 22. Qc4 dxe3 23. Rxd5 exd5 24. Qd3 e2 25. Qxe2 f6 26. Qd3 fxe5 27. Qxd5+ Kh8 28. fxe5 Rd8 29.
Qe4 Rd4 30. Qf5 Rd5 31. Qc8+ Kh7 32. Qf5+ g6 33. Qc8 Qc5+ 34. Qxc5 Bxc5+ 35. Kg2 Rxe5 36. Rf7+ Kg8 37. Rxb7 Bb4 38. Kf3 Re7 39. Rb6 Kg7 40. h4 h5 41. Kf4 Rf7+ 0-1

[Event "*** Titled Tuesday Blitz"]
[Site "Chess.com"]
[Date "2021.03.16"]
[Round "3"]
[White "HrvojeZagreb"]
[Black "Sergey85Rodchenkov"]
[Result "1/2-1/2"]
[WhiteElo "2302"]
[BlackElo "2530"]
[TimeControl "180+1"]
[EndTime "10:27:09 PDT"]
[Termination "Game drawn by repetition"]

1. d4 Nf6 2. Bf4 b6 3. Nc3 Bb7 4. Qd3 d5 5. Qh3 e6 6. e3 Bd6 7. Nge2 Nbd7 8. Bxd6 cxd6 9. g4 Rc8 10. O-O-O Ne4 11.
Nxe4 dxe4 12. Nc3 d5 13. Bb5 a6 14. Bxd7+ Qxd7 15. Qg3 O-O 16. h4 Rxc3 17. bxc3 Rc8 18. Rd2 a5 19. h5 Qc6 20. h6 Qxc3 21. Kd1 Ba6 22. Ke1 gxh6 23. Rh5 Qa1+ 24. Rd1 Qc3+ 25. Rd2 Qa1+ 26. Rd1 Qc3+ 27. Rd2 1/2-1/2

[Event "*** Titled Tuesday Blitz"]
[Site "Chess.com"]
[Date "2021.03.16"]
[Round "3"]
[White "chesslh19"]
[Black "vladgoncharov"]
[Result "0-1"]
[WhiteElo "2258"]
[BlackElo "2440"]
[TimeControl "180+1"]
[EndTime "10:27:10 PDT"]
[Termination "vladgoncharov won on time"]

1. e4 e6 2. d4 d5 3. Nd2 Be7 4. Bd3 c5 5. dxc5 Nf6 6. Qe2 O-O 7. Ngf3 a5 8. e5 Nfd7 9. h4 h6 10. Ng5 Nxc5 11. Nb3 Nc6 12. Nxc5 Bxc5 13. Be3 Qb6 14. Bxc5 Qxc5 15. O-O-O b6 16. g4 Qb4 17. Nf3 Qf4+ 18.
Kb1 Nb4 19. Rhg1 Nxd3 20. cxd3 Ba6 21. g5 h5 22. g6 fxg6 23. Ng5 Rae8 24. Qe3 Qxf2 25. Qxf2 Rxf2 0-1

[Event "*** Titled Tuesday Blitz"]
[Site "Chess.com"]
[Date "2021.03.16"]
[Round "3"]
[White "slavenok"]
[Black "Orest_Vovk"]
[Result "1-0"]
[WhiteElo "2720"]
[BlackElo "2478"]
[TimeControl "180+1"]
[EndTime "10:27:11 PDT"]
[Termination "slavenok won by resignation"]

1. e4 g5 2. d4 h6 3. c4 Bg7 4. Nc3 c5 5. d5 Bxc3+ 6. bxc3 d6 7. h4 Qa5 8. Qb3 g4 9. Bd3 Nd7 10. Ne2 Ne5 11. Bc2 Qa6 12. O-O Qxc4 13. Qb2 Nd3 14. Bxd3 Qxd3 15. Ng3 Nf6 16. Be3 Nxe4 17. Rad1 Qc4 18.
Rfe1 Nxg3 19. fxg3 b6 20. Bf4 Kd8 21. Kh2 Bd7 22.
Rd2 h5 23. Rde2 Re8 24. Qd2 f6 25. Re4 Qa6 26. Qe3 Qxa2 27. Rxe7 Kc7 28. Bxd6+ Kxd6 29.
Qf4+ Kxd5 30. Qe4+ Kd6 31. Rd1+ Kc7 32. Rdxd7+ 1-0

[Event "*** Titled Tuesday Blitz"]
[Site "Chess.com"]
[Date "2021.03.16"]
[Round "3"]
[White "FairChess_on_YouTube"]
[Black "Dyadya81"]
[Result "1-0"]
[WhiteElo "2979"]
[BlackElo "2739"]
[TimeControl "180+1"]
[EndTime "10:27:13 PDT"]
[Termination "FairChess_on_YouTube won by resignation"]

1. e4 c6 2. Nf3 d5 3. d3 Bg4 4. h3 Bh5 5. g4 Bg6 6. h4 dxe4 7. h5 Bxh5 8. Ne5 Qa5+ 9. Nc3 Qxe5 10. Rxh5 Qe6 11. g5 exd3+ 12. Be3 f5 13. Qxd3 f4 14. O-O-O fxe3 15. g6 Nd7 16. Rxh7 Ngf6 17. Rxh8 O-O-O 18. Bh3 Qe5 19. Qxe3 Qxe3+ 20. fxe3 Kc7 21. Bxd7 Nxd7 22. Ne4 e5 23. Ng5 Re8 24. Nh7 e4 25. Nxf8 Nxf8 26.
Rf1 1-0

[Event "*** Titled Tuesday Blitz"]
[Site "Chess.com"]
[Date "2021.03.16"]
[Round "3"]
[White "jraosam"]
[Black "bazar-wokzal"]
[Result "1-0"]
[WhiteElo "1894"]
[BlackElo "2483"]
[TimeControl "180+1"]
[EndTime "10:27:19 PDT"]
[Termination "jraosam won by resignation"]

1. c4 f5 2. d4 Nf6 3. Nf3 g6 4. g3 Bg7 5. Bg2 O-O 6. O-O d6 7.
Bf4 Qe8 8. Nbd2 Nc6 9. d5 Nd8 10. Re1 c6 11. Nb3 cxd5 12. cxd5 Nh5 13. Bc1 Bd7 14.
Nfd4 Rc8 15. f3 Ba4 16. e4 fxe4 17. fxe4 Bxd4+ 18. Qxd4 Nf7 19. Rf1 Rc2 20. Bd2 Ne5 21.
Rxf8+ Qxf8 22. Qxa4 Nf3+ 23. Bxf3 Qxf3 24. Qe8+ Kg7 25.
Qxe7+ Kg8 26. Rf1 Qxf1+ 27. Kxf1 Rxb2 28. Bc3 Rb1+ 29. Ke2 h6 30. Qe6+ Kf8 31. Qxg6 Rh1 32. Qxh5 Rxh2+ 33. Qxh2 1-0

[Event "*** Titled Tuesday Blitz"]
[Site "Chess.com"]
[Date "2021.03.16"]
[Round "3"]
[White "IMAghasiyevKamal"]
[Black "Srisshhhtea"]
[Result "0-1"]
[WhiteElo "2493"]
[BlackElo "2299"]
[TimeControl "180+1"]
[EndTime "10:27:21 PDT"]
[Termination "Srisshhhtea won by resignation"]

1. d4 Nf6 2. c4 c5 3. d5 e6 4. Nc3 exd5 5. cxd5 d6 6. Bf4 g6 7. h3 Bg7 8. e3 O-O 9. Nf3 Na6 10. Be2 Nc7 11. a4 Re8 12. O-O Ne4 13.
Nxe4 Rxe4 14. Nd2 Rxf4 15. exf4 Nxd5 16. Bc4 Nxf4 17. Qf3 Ne6 18. Ne4 Qe7 19. Rad1 Nd4 20.
Qe3 Bf5 21. Ng5 Be6 22. Nxe6 fxe6 23. Ba2 Kh8 24. Kh1 Rf8 25. f4 Qh4 26. Kh2 Bh6 27.
g3 Qf6 28. Qe4 d5 29. Qg2 Nf5 30. Rfe1 Nxg3 31. Qf3 Bxf4 32. Kg2 Nf5 0-1

[Event "*** Titled Tuesday Blitz"]
[Site "Chess.com"]
[Date "2021.03.16"]
[Round "3"]
[White "Julianos82"]
[Black "SanchezKelvin"]
[Result "0-1"]
[WhiteElo "2398"]
[BlackElo "2608"]
[TimeControl "180+1"]
[EndTime "10:27:22 PDT"]
[Termination "SanchezKelvin won by resignation"]

1. d4 Nf6 2. Nf3 c5 3. d5 g6 4. c4 Bg7 5. Nc3 O-O 6. e4 d6 7.
Be2 e6 8. h3 exd5 9. cxd5 a6 10. a4 Re8 11. Qc2 Nbd7 12. Bf4 Qe7 13. Nd2 Ne5 14. O-O Bd7 15. Rfe1 h6 16. Bg3 g5 17. Rab1 Rac8 18. Nc4 Nxc4 19. Bxc4 Nh5 20. Bh2 Be5 21. Rbd1 Bxh2+ 22. Kxh2 Qe5+ 23. g3 Nf6 24. b3 h5 25.
Re3 h4 26. Rde1 g4 27. Qe2 gxh3 28. f4 Qh5 29. Qxh5 Nxh5 30. e5 hxg3+ 31. Rxg3+ Nxg3 32.
Kxg3 Bf5 33. Ne4 Bxe4 34. Rxe4 Kg7 35. Kxh3 f6 36. Kg4 fxe5 37. fxe5 Rxe5 38. Rxe5 dxe5 39. Kf5 Re8 40. Ke4 Kf6 41. d6 Rb8 42. Bd5 b5 43.
Bc6 c4 44. axb5 axb5 45. d7 cxb3 0-1

[Event "*** Titled Tuesday Blitz"]
[Site "Chess.com"]
[Date "2021.03.16"]
[Round "3"]
[White "Kotofeyca"]
[Black "PattyCastillo"]
[Result "1-0"]
[WhiteElo "2355"]
[BlackElo "2024"]
[TimeControl "180+1"]
[EndTime "10:27:22 PDT"]
[Termination "Kotofeyca won on time"]

1. d4 d5 2. c4 c6 3. Nc3 Nf6 4.
cxd5 cxd5 5. Bf4 e6 6. e3 Bd6 7. Bg5 Nbd7 8. Bd3 h6 9. Bh4 O-O 10. Nf3 a6 11. O-O Qc7 12. Qe2 b5 13. a4 b4 14. Na2 Bb7 15. Nc1 Ne4 16. Nb3 e5 17. Rfc1 Qb8 18. dxe5 Nxe5 19. Nbd4 Nxd3 20. Qxd3 f5 21. Nc6 Bxc6 22. Rxc6 Nf6 23. Bxf6 Rxf6 24. Qxd5+ Kh8 25. Rd1 Be7 26. Ne5 Kh7 27. Nd7 Rd6 28.
Rxd6 1-0

[Event "*** Titled Tuesday Blitz"]
[Site "Chess.com"]
[Date "2021.03.16"]
[Round "3"]
[White "KuzubovYuriy"]
[Black "djano"]
[Result "1-0"]
[WhiteElo "2851"]
[BlackElo "2493"]
[TimeControl "180+1"]
[EndTime "10:27:25 PDT"]
[Termination "KuzubovYuriy won by resignation"]

1. Nf3 g6 2. g3 Bg7 3. Bg2 Nf6 4. O-O O-O 5. c4 c6 6. d3 d5 7. Qb3 a5 8. Nc3 Na6 9. Be3 dxc4 10. dxc4 Nd7 11. Rad1 Qc7 12. Na4 e5 13. Ng5 Rb8 14. c5 Nf6 15. Qb6 Nd5 16. Bxd5 cxd5 17. Rxd5 Qe7 18.
Qd6 Qe8 19. Nb6 Be6 20. Nxe6 fxe6 21. Rdd1 Rd8 22. Qxd8 Qxd8 23. Rxd8 Rxd8 24. a3 e4 25. Rb1 Nc7 26. Bg5 Re8 27. b4 axb4 28. axb4 Nb5 29. Rd1 Nd4 30. Kf1 h6 31. Be3 Nc6 32. b5 Ne5 33.
Bf4 Ng4 34. h3 e5 35. hxg4 exf4 36. gxf4 e3 37. c6 bxc6 38. bxc6 1-0

[Event "*** Titled Tuesday Blitz"]
[Site "Chess.com"]
[Date "2021.03.16"]
[Round "3"]
[White "PaulfromSPb"]
[Black "ENajer77"]
[Result "1-0"]
[WhiteElo "2818"]
[BlackElo "2622"]
[TimeControl "180+1"]
[EndTime "10:27:27 PDT"]
[Termination "PaulfromSPb won by resignation"]

1. e4 c6 2. d4 d5 3. Nd2 dxe4 4. Nxe4 Bf5 5. Ng3 Bg6 6. N1e2 e6 7. Nf4 Bd6 8. c3 Nf6 9. Qf3 Nbd7 10. Bc4 Nb6 11. Bb3 Nbd5 12. Nxg6 hxg6 13. Bg5 Qb6 14. O-O Qc7 15. Rfe1 O-O 16. c4 Nb4 17. Bxf6 gxf6 18.
a3 Na6 19. Qxf6 Qd8 20. Ne4 Qxf6 21. Nxf6+ Kg7 22. Ne4 Rad8 23. Rad1 Nc7 24. g3 Be7 25. h4 Rd7 26. Nc5 Bxc5 27. dxc5 Rfd8 28. Rxd7 Rxd7 29. Rd1 Rxd1+ 30. Bxd1 a5 31. f4 Na6 32. Kf2 Nxc5 33. Ke3 f5 34. Kd4 Nd7 35. b4 axb4 36. axb4 Kf6 37.
c5 e5+ 38. fxe5+ Nxe5 39. Ba4 Nf3+ 40. Ke3 Ne5 41. Bb3 Ng4+ 42. Kd4 Ne5 43. Bd1 Ke6 44. Be2 Kf6 45. b5 cxb5 46. Bxb5 Ke6 47. Be2 Nc6+ 48. Kc4 Ke5 49. Bf3 f4 50. g4 Ke6 51. Bxc6 bxc6 52. Kd4 Kf6 53. Ke4 g5 54.
hxg5+ Kxg5 55. Kf3 Kg6 56. Kxf4 Kf6 57. g5+ Ke6 58. Kg4 1-0

[Event "*** Titled Tuesday Blitz"]
[Site "Chess.com"]
[Date "2021.03.16"]
[Round "3"]
[White "GMJustin"]
[Black "ural58"]
[Result "1-0"]
[WhiteElo "2312"]
[BlackElo "2540"]
[TimeControl "180+1"]
[EndTime "10:27:30 PDT"]
[Termination "GMJustin won by resignation"]

1. d4 d5 2. c4 e5 3. dxe5 d4 4. Nf3 Nc6 5. g3 Nge7 6. Bg2 Ng6 7. O-O Ngxe5 8. Nxe5 Nxe5 9. Na3 Be7 10. Nb5 c5 11. Bf4 Bf6 12. e3 dxe3 13. Qxd8+ Kxd8 14. Rad1+ Ke7 15. Bxe3 Kf8 16. Bxc5+ Kg8 17. Nc7 b6 18.
Bd4 Bg4 19. Nxa8 Bxd1 20. Rxd1 Nxc4 21. Bxf6 gxf6 22. Rd8+ Kg7 23. Rxh8 Kxh8 24. b3 Ne5 25. Nc7 Nd3 26. a4 Nc5 27. Bd5 Kg7 28. Nb5 a6 29.
Nd6 Kg6 30. Bxf7+ Kg5 31. Bd5 f5 32. f4+ Kf6 33. Nc8 b5 34. axb5 axb5 35. Kf2 Nd3+ 36. Ke3 Nb4 37. Kd4 h5 38. Kc5 Nd3+ 39. Kxb5 1-0